General information
- name: BNet
- type: Ladder team game (AT/RT)
- host: Battle.net
- saver: CircleCityKid!
map: Northshire_LV
- players: 8
- length: 51:19
- speed: Fast
- version: 1.29 W3XP
- replay type: Public
» download(497 KB)
Players
team 1 (winner)
Norspherato (
purple | 44 APM | 1933 actions | 43:27)
7 Mountain King
3 Storm Bolt
3 Bash
1 Avatar
» actions
| Assign group hotkey | 31 | |
| Basic commands | 144 | |
| Build / train | 86 | |
| Enter build submenu | 33 | |
| Enter hero's abilities submenu | 7 | |
| Give item / drop item | 4 | |
| Remove unit from queue | 3 | |
| Right click | 518 | |
| Select / deselect | 540 | |
| Select group hotkey | 474 | |
| Use ability | 93 | |
1933 total
» units
| Peasant | 7 | |
| Rifleman | 9 | |
| Forest Troll High Priest | 2 | |
| Goblin Shredder | 2 | |
| Flying Machine | 5 | |
| Mortar Team | 7 | |
| Siege Engine | 5 | |
| Goblin Sapper | 4 | |
41 total
» upgrades
| Gunpowder | 3 | |
| Long Rifles | 1 | |
| Fragmentation Shards | 1 | |
| Flare | 1 | |
| Lumber Harvesting | 1 | |
| Flak Cannons | 1 | |
| Flying Machine Bombs | 1 | |
| Plating | 3 | |
| Masonry | 1 | |
| Armor | 1 | |
| Barrage | 1 | |
15 total
» buildings
| Altar of Kings | 1 | |
| Barracks | 1 | |
| Blacksmith | 2 | |
| Farm | 15 | |
| Arcane Vault | 1 | |
| Scout Tower | 4 | |
| Lumber Mill | 1 | |
| Keep | 1 | |
| Arcane Tower | 2 | |
| Castle | 2 | |
| Town Hall | 1 | |
| Workshop | 3 | |
| Guard Tower | 2 | |
36 total
» build order
00:30 Altar of Kings
00:47 Barracks
00:56 Blacksmith
01:00 Blacksmith
01:05 Farm
01:48 Farm
01:50 Farm
02:57 Arcane Vault
03:33 Scout Tower
03:38 Lumber Mill
03:41 Keep
03:54 Farm
03:59 Farm
04:18 Scout Tower
04:23 Arcane Tower
05:47 Arcane Tower
06:02 Castle
06:02 Castle
07:15 Town Hall
07:20 Farm
07:28 Farm
09:47 Workshop
09:48 Workshop
11:40 Scout Tower
11:47 Scout Tower
12:07 Workshop
12:40 Guard Tower
12:41 Guard Tower
14:24 Farm
14:25 Farm
15:11 Farm
15:12 Farm
19:57 Farm
19:59 Farm
20:44 Farm
20:48 Farm
» items
| Scroll of Regeneration | 4 | |
| Lesser Clarity Potion | 1 | |
| Staff of Sanctuary | 1 | |
| Scroll of Town Portal | 5 | |
| Potion of Healing | 1 | |
12 total

»
onelifeonedeath (
pink | 19 APM | 962 actions | 51:19)
4 Death Knight
2 Unholy Aura
2 Death Coil
3 Dark Ranger
2 Black Arrow
1 Silence
» actions
| Basic commands | 11 | |
| Build / train | 78 | |
| Enter build submenu | 26 | |
| Enter hero's abilities submenu | 8 | |
| Give item / drop item | 5 | |
| Right click | 416 | |
| Select / deselect | 327 | |
| Use ability | 91 | |
962 total
» units
| Acolyte | 17 | |
| Ghoul | 9 | |
| Goblin Shredder | 3 | |
| Frost Wyrm | 18 | |
47 total
» upgrades
| Cannibalize | 1 | |
| Freezing Breath | 1 | |
| Creature Attack | 3 | |
| Creature Carapace | 3 | |
8 total
» buildings
| Graveyard | 1 | |
| Ziggurat | 18 | |
| Altar of Darkness | 1 | |
| Crypt | 1 | |
| Nerubian Tower | 3 | |
| Halls of the Dead | 1 | |
| Necropolis | 1 | |
| Black Citadel | 1 | |
| Sacrificial Pit | 1 | |
| Boneyard | 5 | |
| Spirit Tower | 3 | |
| Tomb of Relics | 1 | |
37 total
» build order
00:59 Graveyard
01:04 Ziggurat
01:09 Altar of Darkness
01:12 Ziggurat
01:18 Crypt
01:33 Ziggurat
01:59 Nerubian Tower
04:15 Halls of the Dead
05:50 Necropolis
06:55 Black Citadel
06:59 Sacrificial Pit
09:46 Boneyard
09:47 Boneyard
09:49 Boneyard
10:07 Boneyard
10:11 Boneyard
11:07 Ziggurat
11:07 Ziggurat
11:08 Ziggurat
11:08 Ziggurat
11:09 Ziggurat
11:09 Ziggurat
11:31 Ziggurat
11:32 Ziggurat
11:32 Ziggurat
12:05 Spirit Tower
12:07 Nerubian Tower
12:28 Spirit Tower
12:30 Nerubian Tower
13:21 Spirit Tower
13:53 Ziggurat
13:54 Ziggurat
14:12 Ziggurat
14:25 Ziggurat
14:42 Ziggurat
15:05 Tomb of Relics
32:32 Ziggurat
» items
| Boots of Speed | 3 | |
| Scroll of Town Portal | 1 | |
| Scroll of Regeneration | 1 | |
5 total
oldskooI4v4rape (
teal | 81 APM | 4178 actions | 51:19)
10 Archmage
3 Summon Water Elemental
3 Brilliance Aura
1 Mass Teleport
3 Blizzard
» actions
| Assign group hotkey | 84 | |
| Basic commands | 298 | |
| Build / train | 186 | |
| ESC pressed | 8 | |
| Enter build submenu | 68 | |
| Enter hero's abilities submenu | 10 | |
| Give item / drop item | 19 | |
| Right click | 990 | |
| Select / deselect | 694 | |
| Select group hotkey | 1507 | |
| Use ability | 314 | |
4178 total
» units
| Peasant | 13 | |
| Footman | 4 | |
| Rifleman | 1 | |
| Goblin Shredder | 1 | |
| Dragonhawk Rider | 9 | |
| Gryphon Rider | 7 | |
| Goblin Zeppelin | 4 | |
| Goblin Sapper | 11 | |
| Priest | 3 | |
| Mortar Team | 3 | |
56 total
» upgrades
| Swords | 3 | |
| Masonry | 3 | |
| Animal War Training | 1 | |
| Armor | 3 | |
| Storm Hammers | 1 | |
| Lumber Harvesting | 2 | |
| Cloud | 1 | |
| Priest Training | 2 | |
| Sorceress Training | 2 | |
| Gunpowder | 3 | |
| Fragmentation Shards | 1 | |
| Flare | 1 | |
23 total
» buildings
| Altar of Kings | 1 | |
| Barracks | 1 | |
| Farm | 12 | |
| Arcane Vault | 4 | |
| Blacksmith | 1 | |
| Keep | 4 | |
| Town Hall | 3 | |
| Castle | 2 | |
| Lumber Mill | 1 | |
| Scout Tower | 34 | |
| Gryphon Aviary | 5 | |
| Arcane Tower | 5 | |
| Guard Tower | 32 | |
| Arcane Sanctum | 2 | |
| Workshop | 2 | |
| Cannon Tower | 6 | |
115 total
» build order
00:49 Altar of Kings
00:51 Barracks
00:58 Farm
01:04 Farm
01:12 Farm
01:55 Arcane Vault
02:15 Farm
03:15 Blacksmith
03:55 Keep
03:55 Keep
04:09 Town Hall
05:42 Farm
06:18 Castle
06:19 Castle
06:25 Lumber Mill
06:45 Scout Tower
06:46 Scout Tower
06:54 Gryphon Aviary
07:07 Gryphon Aviary
07:44 Gryphon Aviary
07:47 Scout Tower
08:41 Arcane Tower
09:38 Town Hall
09:39 Scout Tower
09:39 Scout Tower
09:40 Scout Tower
09:42 Scout Tower
09:51 Scout Tower
09:53 Scout Tower
09:54 Scout Tower
09:56 Scout Tower
09:58 Scout Tower
10:17 Guard Tower
10:17 Guard Tower
10:18 Guard Tower
10:18 Guard Tower
10:38 Guard Tower
10:38 Guard Tower
11:19 Guard Tower
11:19 Guard Tower
11:33 Scout Tower
11:34 Scout Tower
11:43 Guard Tower
11:58 Scout Tower
12:02 Scout Tower
12:03 Guard Tower
12:04 Guard Tower
12:05 Guard Tower
12:08 Arcane Vault
12:10 Arcane Vault
12:14 Guard Tower
12:35 Guard Tower
12:41 Scout Tower
12:45 Scout Tower
13:29 Guard Tower
13:29 Guard Tower
14:36 Gryphon Aviary
14:37 Gryphon Aviary
15:24 Keep
15:24 Keep
19:01 Farm
19:03 Farm
19:30 Farm
19:32 Farm
20:05 Farm
20:06 Farm
21:34 Scout Tower
21:36 Scout Tower
22:09 Guard Tower
22:09 Guard Tower
25:11 Arcane Sanctum
25:15 Arcane Sanctum
33:13 Scout Tower
33:47 Workshop
33:47 Workshop
33:56 Town Hall
33:59 Scout Tower
33:59 Scout Tower
34:00 Scout Tower
34:02 Scout Tower
34:03 Scout Tower
34:04 Scout Tower
34:06 Scout Tower
34:07 Scout Tower
34:10 Scout Tower
34:33 Guard Tower
34:33 Guard Tower
34:34 Guard Tower
34:34 Guard Tower
34:55 Farm
34:59 Guard Tower
34:59 Guard Tower
35:17 Guard Tower
35:17 Guard Tower
35:20 Cannon Tower
35:20 Cannon Tower
35:21 Cannon Tower
35:21 Cannon Tower
35:25 Arcane Tower
35:25 Arcane Tower
35:34 Arcane Tower
35:34 Arcane Tower
35:38 Scout Tower
35:40 Scout Tower
36:02 Arcane Vault
36:06 Guard Tower
36:06 Guard Tower
36:09 Guard Tower
36:09 Guard Tower
36:10 Cannon Tower
36:10 Cannon Tower
36:12 Guard Tower
36:12 Guard Tower
46:08 Scout Tower
46:08 Scout Tower
» items
| Scroll of Regeneration | 14 | |
| Mechanical Critter | 8 | |
| Periapt of Vitality | 1 | |
| Potion of Lesser Invulnerability | 1 | |
| Staff of Sanctuary | 1 | |
| Potion of Invisibility | 4 | |
| Staff of Teleportation | 1 | |
| Potion of Healing | 2 | |
| Scroll of Town Portal | 2 | |
| Lesser Clarity Potion | 3 | |
37 total
DiabloSnowblind (
blue | 68 APM | 2980 actions | 44:03)
6 Death Knight
3 Death Coil
3 Unholy Aura
3 Crypt Lord
2 Spiked Carapace
1 Impale
» actions
| Assign group hotkey | 53 | |
| Basic commands | 118 | |
| Build / train | 68 | |
| ESC pressed | 5 | |
| Enter build submenu | 30 | |
| Enter hero's abilities submenu | 9 | |
| Give item / drop item | 4 | |
| Right click | 1498 | |
| Select / deselect | 449 | |
| Select group hotkey | 660 | |
| Use ability | 86 | |
2980 total
» units
| Acolyte | 18 | |
| Ghoul | 2 | |
| Crypt Fiend | 12 | |
| Goblin Shredder | 1 | |
| Frost Wyrm | 3 | |
| Goblin Zeppelin | 1 | |
37 total
» upgrades
| Creature Attack | 3 | |
| Creature Carapace | 3 | |
| Web | 1 | |
| Burrow | 1 | |
| Freezing Breath | 1 | |
9 total
» buildings
| Crypt | 3 | |
| Graveyard | 1 | |
| Altar of Darkness | 1 | |
| Ziggurat | 10 | |
| Tomb of Relics | 1 | |
| Halls of the Dead | 1 | |
| Necropolis | 3 | |
| Black Citadel | 1 | |
| Sacrificial Pit | 1 | |
| Boneyard | 3 | |
25 total
» build order
00:36 Crypt
01:06 Graveyard
01:08 Altar of Darkness
01:10 Ziggurat
01:36 Ziggurat
02:11 Tomb of Relics
04:42 Ziggurat
05:13 Halls of the Dead
06:14 Ziggurat
06:50 Necropolis
07:39 Black Citadel
08:05 Sacrificial Pit
08:55 Ziggurat
10:11 Boneyard
10:12 Boneyard
10:13 Boneyard
10:15 Ziggurat
10:15 Ziggurat
10:16 Ziggurat
14:22 Crypt
16:31 Necropolis
17:54 Crypt
17:59 Ziggurat
18:04 Necropolis
21:53 Ziggurat
» items
| Rod of Necromancy | 2 | |
| Periapt of Vitality | 1 | |
| Circlet of Nobility | 1 | |
| Scroll of Town Portal | 2 | |
| Orb of Corruption | 1 | |
| Staff of Sanctuary | 1 | |
8 total
team 2 (loser)

»
Swordran (
yellow | 46 APM | 2361 actions | 51:19)
5 Mountain King
3 Storm Bolt
2 Bash
4 Paladin
2 Holy Light
1 Devotion Aura
1 Divine Shield
3 Archmage
2 Summon Water Elemental
1 Brilliance Aura
» actions
| Assign group hotkey | 29 | |
| Basic commands | 5 | |
| Build / train | 110 | |
| Enter build submenu | 45 | |
| Enter hero's abilities submenu | 12 | |
| Give item / drop item | 6 | |
| Right click | 1255 | |
| Select / deselect | 513 | |
| Select group hotkey | 203 | |
| Use ability | 183 | |
2361 total
» units
| Peasant | 19 | |
| Footman | 2 | |
| Rifleman | 13 | |
| Forest Troll High Priest | 1 | |
| Kobold Geomancer | 1 | |
| Assassin | 1 | |
| Rogue | 1 | |
| Siege Engine | 8 | |
| Priest | 1 | |
47 total
» upgrades
| Gunpowder | 3 | |
| Masonry | 3 | |
| Armor | 1 | |
| Long Rifles | 1 | |
| Fragmentation Shards | 1 | |
| Lumber Harvesting | 2 | |
| Barrage | 1 | |
| Plating | 2 | |
| Magic Sentry | 1 | |
15 total
» buildings
| Altar of Kings | 1 | |
| Farm | 12 | |
| Barracks | 1 | |
| Blacksmith | 1 | |
| Scout Tower | 18 | |
| Arcane Vault | 1 | |
| Lumber Mill | 1 | |
| Arcane Tower | 1 | |
| Guard Tower | 14 | |
| Keep | 1 | |
| Town Hall | 2 | |
| Castle | 1 | |
| Workshop | 2 | |
| Arcane Sanctum | 1 | |
57 total
» build order
00:22 Altar of Kings
00:36 Farm
00:39 Barracks
01:11 Farm
01:54 Blacksmith
02:01 Scout Tower
02:04 Farm
02:20 Arcane Vault
02:40 Scout Tower
02:47 Lumber Mill
02:58 Farm
03:08 Arcane Tower
03:39 Farm
04:18 Guard Tower
05:47 Keep
07:21 Town Hall
07:41 Farm
08:22 Farm
08:31 Farm
08:54 Scout Tower
09:15 Farm
09:24 Guard Tower
09:28 Scout Tower
09:48 Castle
09:58 Scout Tower
10:26 Guard Tower
10:32 Farm
10:37 Guard Tower
11:59 Scout Tower
13:28 Workshop
14:27 Guard Tower
14:30 Scout Tower
14:39 Scout Tower
15:28 Guard Tower
16:19 Workshop
19:46 Guard Tower
20:06 Farm
20:55 Farm
22:46 Scout Tower
23:30 Guard Tower
23:32 Scout Tower
25:21 Guard Tower
31:48 Town Hall
37:04 Scout Tower
37:31 Scout Tower
37:35 Arcane Sanctum
37:37 Scout Tower
38:21 Scout Tower
38:23 Guard Tower
38:55 Scout Tower
38:56 Guard Tower
39:04 Scout Tower
39:39 Guard Tower
39:52 Guard Tower
39:54 Scout Tower
40:18 Guard Tower
40:20 Scout Tower
» items
| Scroll of Regeneration | 1 | |
| Lesser Clarity Potion | 1 | |
| Periapt of Vitality | 2 | |
| Scroll of Protection | 2 | |
| Scroll of Healing | 1 | |
| Boots of Speed | 1 | |
| Scroll of Town Portal | 7 | |
| Orb of Fire | 1 | |
16 total
Gromok (
green | 49 APM | 2538 actions | 51:19)
2 Shadow Hunter
1 Healing Wave
1 Hex
» actions
| Assign group hotkey | 632 | |
| Basic commands | 6 | |
| Build / train | 63 | |
| Enter build submenu | 59 | |
| Enter hero's abilities submenu | 3 | |
| Give item / drop item | 8 | |
| Remove unit from queue | 2 | |
| Right click | 1101 | |
| Select / deselect | 443 | |
| Select group hotkey | 85 | |
| Use ability | 136 | |
2538 total
» units
| Peon | 13 | |
| Troll Witch Doctor | 15 | |
| Raider | 2 | |
30 total
» upgrades
| Reinforced Defenses | 2 | |
| Witch Doctor Training | 2 | |
| Ensnare | 1 | |
5 total
» buildings
| War Mill | 11 | |
| Orc Burrow | 4 | |
| Altar of Storms | 1 | |
| Watch Tower | 48 | |
| Stronghold | 1 | |
| Voodoo Lounge | 1 | |
| Fortress | 3 | |
| Spirit Lodge | 2 | |
| Beastiary | 2 | |
| Great Hall | 1 | |
74 total
» build order
00:31 War Mill
00:36 War Mill
01:29 War Mill
01:53 War Mill
01:56 War Mill
02:04 Orc Burrow
02:21 Altar of Storms
02:53 War Mill
03:15 War Mill
03:50 War Mill
04:09 War Mill
04:28 Watch Tower
04:44 War Mill
04:54 Stronghold
05:10 War Mill
05:26 Watch Tower
05:41 Watch Tower
06:04 Watch Tower
06:15 Orc Burrow
06:32 Voodoo Lounge
07:42 Fortress
07:43 Fortress
07:43 Fortress
07:49 Orc Burrow
08:04 Orc Burrow
08:36 Watch Tower
08:53 Watch Tower
09:13 Watch Tower
09:45 Watch Tower
10:48 Watch Tower
11:29 Spirit Lodge
12:08 Spirit Lodge
12:38 Watch Tower
13:18 Watch Tower
15:33 Watch Tower
15:34 Watch Tower
16:49 Watch Tower
17:13 Watch Tower
19:07 Beastiary
19:14 Beastiary
22:20 Watch Tower
22:22 Watch Tower
22:25 Watch Tower
22:28 Watch Tower
22:33 Watch Tower
22:36 Watch Tower
22:43 Watch Tower
22:45 Watch Tower
22:46 Watch Tower
23:01 Watch Tower
23:10 Watch Tower
24:25 Watch Tower
24:33 Watch Tower
25:22 Watch Tower
26:47 Great Hall
32:10 Watch Tower
32:13 Watch Tower
32:15 Watch Tower
32:16 Watch Tower
32:39 Watch Tower
32:40 Watch Tower
32:41 Watch Tower
32:43 Watch Tower
32:49 Watch Tower
32:50 Watch Tower
32:51 Watch Tower
32:53 Watch Tower
32:56 Watch Tower
33:00 Watch Tower
33:02 Watch Tower
33:04 Watch Tower
33:05 Watch Tower
33:06 Watch Tower
33:07 Watch Tower
» items
| Orb of Lightning | 2 | |
| Scroll of Speed | 2 | |
| Healing Salve | 1 | |
| Scroll of Town Portal | 3 | |
| Tiny Great Hall | 1 | |
| Potion of Healing | 2 | |
11 total
CircleCityKid! (
red | 67 APM | 3434 actions | 51:19)
8 Archmage
3 Summon Water Elemental
3 Brilliance Aura
1 Mass Teleport
1 Blizzard
» actions
| Assign group hotkey | 64 | |
| Basic commands | 302 | |
| Build / train | 107 | |
| Enter build submenu | 64 | |
| Enter hero's abilities submenu | 8 | |
| Give item / drop item | 16 | |
| Remove unit from queue | 3 | |
| Right click | 1261 | |
| Select / deselect | 521 | |
| Select group hotkey | 879 | |
| Use ability | 209 | |
3434 total
» units
| Peasant | 13 | |
| Footman | 4 | |
| Goblin Shredder | 2 | |
| Gryphon Rider | 13 | |
| Siege Engine | 2 | |
| Dragonhawk Rider | 6 | |
| Mortar Team | 5 | |
45 total
» upgrades
| Masonry | 3 | |
| Swords | 3 | |
| Armor | 3 | |
| Animal War Training | 1 | |
| Storm Hammers | 1 | |
| Cloud | 1 | |
| Gunpowder | 2 | |
| Plating | 2 | |
| Barrage | 2 | |
| Fragmentation Shards | 0 | |
18 total
» buildings
| Altar of Kings | 1 | |
| Barracks | 1 | |
| Farm | 20 | |
| Scout Tower | 22 | |
| Arcane Vault | 1 | |
| Arcane Tower | 2 | |
| Keep | 2 | |
| Town Hall | 4 | |
| Castle | 1 | |
| Lumber Mill | 1 | |
| Gryphon Aviary | 4 | |
| Blacksmith | 2 | |
| Guard Tower | 5 | |
| Workshop | 5 | |
71 total
» build order
00:51 Altar of Kings
00:52 Barracks
00:53 Farm
00:56 Farm
01:00 Farm
01:04 Farm
01:59 Scout Tower
02:11 Arcane Vault
02:38 Arcane Tower
03:30 Keep
05:09 Farm
05:18 Town Hall
05:53 Castle
06:23 Scout Tower
06:54 Arcane Tower
07:18 Lumber Mill
08:06 Gryphon Aviary
08:07 Gryphon Aviary
08:07 Gryphon Aviary
08:08 Gryphon Aviary
08:16 Blacksmith
08:17 Blacksmith
08:20 Farm
08:54 Scout Tower
08:54 Scout Tower
08:55 Scout Tower
08:56 Scout Tower
08:57 Scout Tower
09:26 Guard Tower
09:39 Guard Tower
11:46 Farm
11:46 Farm
11:46 Farm
11:49 Farm
11:50 Farm
12:12 Scout Tower
12:13 Scout Tower
12:14 Scout Tower
12:15 Scout Tower
12:17 Scout Tower
12:18 Scout Tower
12:59 Guard Tower
13:02 Scout Tower
13:03 Scout Tower
13:05 Scout Tower
13:06 Scout Tower
14:47 Guard Tower
16:34 Scout Tower
16:35 Scout Tower
16:35 Scout Tower
16:35 Scout Tower
16:37 Scout Tower
17:57 Guard Tower
18:04 Workshop
18:12 Workshop
18:16 Workshop
18:37 Workshop
20:35 Farm
20:36 Farm
20:36 Farm
20:36 Farm
22:09 Farm
22:09 Farm
22:25 Town Hall
25:24 Workshop
27:49 Town Hall
31:05 Keep
31:35 Farm
31:35 Farm
31:36 Farm
32:45 Town Hall
» items
| Scroll of Regeneration | 7 | |
| Mechanical Critter | 8 | |
| Lesser Clarity Potion | 1 | |
| Scroll of Protection | 1 | |
| Potion of Lesser Invulnerability | 1 | |
| Staff of Sanctuary | 1 | |
| Scroll of Town Portal | 2 | |
| Potion of Healing | 1 | |
22 total
ape-of-man (
orange | 58 APM | 2940 actions | 50:58)
6 Far Seer
3 Feral Spirit
2 Chain Lighting
1 Earth Quake
6 Shadow Hunter
2 Hex
3 Healing Wave
1 Big Bad Voodoo
» actions
| Assign group hotkey | 34 | |
| Basic commands | 64 | |
| Build / train | 76 | |
| Enter build submenu | 30 | |
| Enter hero's abilities submenu | 13 | |
| Give item / drop item | 6 | |
| Remove unit from queue | 1 | |
| Right click | 1439 | |
| Select / deselect | 454 | |
| Select group hotkey | 670 | |
| Use ability | 153 | |
2940 total
» units
| Peon | 13 | |
| Grunt | 4 | |
| Goblin Shredder | 3 | |
| Wind Rider | 5 | |
| Troll Batrider | 7 | |
| Raider | 1 | |
33 total
» upgrades
| Ranged Weapons | 2 | |
| Reinforced Defenses | 1 | |
| Armor | 2 | |
| Ensnare | 1 | |
| Liquid Fire | 1 | |
| Envenomed Spears | 1 | |
| Melee Weapons | 1 | |
| Pillage | 1 | |
| Burning Oil | 1 | |
11 total
» buildings
| Altar of Storms | 1 | |
| Orc Burrow | 9 | |
| Barracks | 1 | |
| Voodoo Lounge | 1 | |
| Great Hall | 1 | |
| Stronghold | 2 | |
| War Mill | 1 | |
| Beastiary | 4 | |
| Fortress | 2 | |
| Watch Tower | 18 | |
40 total
» build order
00:06 Altar of Storms
00:18 Orc Burrow
00:36 Barracks
01:23 Orc Burrow
01:56 Voodoo Lounge
03:42 Great Hall
03:52 Stronghold
03:52 Stronghold
04:38 Orc Burrow
05:38 War Mill
05:51 Orc Burrow
06:36 Beastiary
06:41 Beastiary
07:21 Fortress
07:21 Fortress
07:25 Beastiary
07:28 Orc Burrow
07:33 Orc Burrow
09:08 Watch Tower
09:11 Watch Tower
09:18 Watch Tower
09:20 Watch Tower
09:53 Orc Burrow
10:42 Watch Tower
12:17 Watch Tower
12:47 Watch Tower
14:17 Orc Burrow
14:18 Beastiary
15:09 Orc Burrow
16:07 Watch Tower
25:11 Watch Tower
25:11 Watch Tower
25:12 Watch Tower
25:12 Watch Tower
25:20 Watch Tower
25:23 Watch Tower
25:23 Watch Tower
28:01 Watch Tower
28:01 Watch Tower
28:01 Watch Tower
» items
| Healing Salve | 2 | |
| Scroll of Healing | 2 | |
| Potion of Lesser Invulnerability | 2 | |
| Scroll of Town Portal | 4 | |
| Tiny Great Hall | 2 | |
| Staff of Teleportation | 1 | |
13 total
Chat log
(00:21 / All) DiabloSnowblind: so my last 4s had 3 leavers or afkers on both sides
(00:24 / All) DiabloSnowblind: like, wtf, lol
(00:29 / All) ape-of-man: sucks i know
(00:32 / All) ape-of-man: love this map hto
(00:43 / All) DiabloSnowblind: eh, it's no friends, but it's ok
(00:52 / All) ape-of-man: gold rush, this , and friends are tight
(00:55 / Allies) Swordran: =S
(00:56 / All) ape-of-man: market square and twilight as well
(01:01 / All) DiabloSnowblind: agreed
(01:30 / All) DiabloSnowblind: is full scale assault still in the pool
(01:32 / All) DiabloSnowblind: ?
(01:37 / All) ape-of-man: nay
(01:40 / All) oldskooI4v4rape: nope
(01:42 / All) DiabloSnowblind: damn
(01:47 / All) ape-of-man: that's only map i will miss
(01:58 / All) DiabloSnowblind: so many 1v4s i won there by controlling cliffs
(02:00 / All) ape-of-man: deathknell was shit
(02:03 / All) ape-of-man: deadlands sucked
(02:13 / All) ape-of-man: dragonfalls sucked cherryville sucked
(02:20 / All) oldskooI4v4rape: Deadlands sucked but I liked the tileset
(02:22 / All) oldskooI4v4rape: mushroom trees
(02:29 / All) ape-of-man: mana drain creeps wer awful
(02:30 / All) oldskooI4v4rape: nice chokes on it too
(02:32 / All) oldskooI4v4rape: yeah
(02:38 / All) oldskooI4v4rape: Creeps on that tileset suck is only issue
(02:40 / All) oldskooI4v4rape: and it was too big
(04:23 / All) ape-of-man: wish map had goblin lab
(04:28 / All) ape-of-man: oh it does lawl
(04:31 / All) oldskooI4v4rape: lol
(07:44 / Allies) ape-of-man: want help?
(09:04 / Allies) CircleCityKid!: might need help if he hits me
(10:51 / Allies) ape-of-man: tp to yellow?
(11:15 / Allies) Swordran: damn
(11:17 / Allies) Swordran: getting my expo
(11:18 / Allies) Swordran: =(
(11:22 / Allies) ape-of-man: help it
(11:26 / All) CircleCityKid!: goddamn it
(11:28 / All) CircleCityKid!: I fucking tp
(11:29 / All) CircleCityKid!: ed
(12:00 / Allies) ape-of-man: he shoulda warned us
(12:03 / Allies) ape-of-man: come yellow lets meet
(12:23 / Allies) ape-of-man: meet
(12:37 / Allies) ape-of-man: go to red
(13:21 / Allies) ape-of-man: come red
(13:22 / Allies) CircleCityKid!: gold?
(13:39 / Allies) CircleCityKid!: need gold
(13:43 / Allies) CircleCityKid!: hook me up with some gold green
(14:05 / Allies) ape-of-man: lets hit expos
(14:52 / Allies) ape-of-man: stay with us
(15:03 / Allies) CircleCityKid!: get bats orange
(15:09 / Allies) CircleCityKid!: get tanks yellow
(15:15 / Allies) Swordran: kk
(15:19 / Allies) ape-of-man: will take me 2 min
(15:21 / Allies) ape-of-man: hit urple expo
(15:37 / Allies) CircleCityKid!: b
(15:42 / Allies) CircleCityKid!: b
(15:50 / Allies) ape-of-man: keep running
(16:36 / Allies) ape-of-man: hes stuck
(16:44 / Allies) ape-of-man: goggoog
(17:45 / Allies) CircleCityKid!: tp out
(17:53 / Allies) CircleCityKid!: just get bats
(17:55 / Allies) ape-of-man: fuck
(17:59 / Allies) CircleCityKid!: and tanks
(18:03 / Allies) Swordran: pumping
(18:07 / Allies) ape-of-man: we did that wrong
(18:09 / Allies) ape-of-man: u guys shoulda hit purple he was stuck at his base
(18:18 / Allies) CircleCityKid!: did you have bats?
(18:29 / Allies) ape-of-man: uh i was already over 100 food
(19:10 / Allies) CircleCityKid!: bats please
(19:12 / Allies) CircleCityKid!: or tanks
(19:23 / Allies) ape-of-man: make a decision
(19:24 / Allies) ape-of-man: what do i do
(19:39 / Allies) CircleCityKid!: come on orange
(19:46 / Allies) ape-of-man: do what
(19:49 / Allies) CircleCityKid!: bats
(20:45 / Allies) CircleCityKid!: tp yellow
(20:56 / Allies) ape-of-man: i need tp
(21:03 / Allies) Swordran: stuck
(21:15 / Allies) Swordran: not tower
(21:17 / Allies) Swordran: item shop
(22:23 / Allies) CircleCityKid!: gold
(22:37 / Allies) ape-of-man: we shouldnt have let them kill our expos
(22:40 / Allies) ape-of-man: nobody was talking
(22:43 / Allies) ape-of-man: i had no idea what to do
(23:03 / All) ape-of-man: why the fuck isnt green helping
(23:07 / Allies) CircleCityKid!: he's a moron
(23:09 / Allies) Swordran: just a troller looks like
(23:11 / All) Norspherato: his computers a fucking potato thats why
(23:18 / Allies) ape-of-man: stay together
(24:02 / All) CircleCityKid!: jesus christ!
(24:06 / All) CircleCityKid!: fucking christ!
(24:11 / Allies) Swordran: w
(24:12 / Allies) Swordran: wow
(24:14 / All) DiabloSnowblind: fuck
(24:14 / All) DiabloSnowblind: you
(24:22 / All) CircleCityKid!: UI can't do anything
(24:30 / All) Norspherato: die in a ditch
(24:57 / Allies) ape-of-man: lets just hit purple
(25:14 / Allies) Swordran: have blue and pink
(26:04 / Allies) ape-of-man: TP MY EXPO
(26:46 / Allies) CircleCityKid!: help now
(26:47 / Allies) CircleCityKid!: help
(26:47 / Allies) CircleCityKid!: help
(27:13 / All) oldskooI4v4rape: warcraft 3 is way too fucking lenient on dropping people
(27:20 / All) ape-of-man: only reason we're having trouble
(27:26 / Allies) Swordran: =(
(27:29 / All) CircleCityKid!: jesus christ
(27:33 / Allies) Swordran: green actually tped?
(28:15 / Allies) ape-of-man: dont hit teal hes gonna tk
(28:19 / Allies) Swordran: thanks green...
(28:21 / All) CircleCityKid!: -_-
(28:38 / Allies) Swordran: thanksred
(28:39 / Allies) ape-of-man: jesus
(29:03 / Allies) ape-of-man: yellow he needs level 6
(29:28 / Allies) Swordran: need gold for expo
(29:30 / All) CircleCityKid!: man
(29:34 / All) DiabloSnowblind: teal can we please focus on winning?
(29:34 / All) CircleCityKid!: most annoying plyaer ever
(29:36 / All) Norspherato: teal tker
(29:37 / All) oldskooI4v4rape: my team is in shock and denial that I'm tking
(29:40 / All) ape-of-man: this is retarded
(29:41 / All) ape-of-man: as fuck
(29:44 / All) CircleCityKid!: KBilly?
(29:56 / Allies) ape-of-man: i got it
(30:02 / All) oldskooI4v4rape: LE SIGH says blue
(30:04 / All) oldskooI4v4rape: REDDITOR ALERT
(30:06 / All) oldskooI4v4rape: REDDITOR ALERT
(30:08 / All) oldskooI4v4rape: REDDITOR ALERT
(30:10 / All) DiabloSnowblind: yup.
(30:17 / All) DiabloSnowblind: and i'm not trash like you, man
(30:19 / All) DiabloSnowblind: seriously
(30:28 / All) oldskooI4v4rape: I rape you any day blue
(30:31 / All) oldskooI4v4rape: watch me
(30:50 / All) ape-of-man: we were beating u guys 3v4 anwyays
(30:50 / All) Norspherato: teal considereing you have no dick i dont see how
(30:58 / All) oldskooI4v4rape: OOOOO GOOD ONE
(31:00 / All) Norspherato: it was 3v3
(31:07 / All) Norspherato: teal was idleing
(31:10 / All) ape-of-man: oh shut up we had a damn tker
(31:18 / All) Norspherato: and so do we
(31:25 / All) ape-of-man: not until recently
(31:28 / All) Norspherato: who was yours
(31:45 / All) Norspherato: the mass warmill green?
(31:54 / All) oldskooI4v4rape: LOL
(31:57 / All) ape-of-man: y are u so mad? its fair
(31:58 / All) oldskooI4v4rape: PINK HAS MY IP ADDRESS
(31:59 / All) ape-of-man: u just lost
(31:59 / All) oldskooI4v4rape: AND IM GREEN
(32:01 / All) oldskooI4v4rape: APPARENTLY
(32:07 / All) oldskooI4v4rape: THATS WHY THE LAGGING
(32:08 / All) oldskooI4v4rape: GENIUS
(32:12 / All) oldskooI4v4rape: HE CAUGHT ME LOL
(32:22 / Allies) ape-of-man: lets hit blue
(32:23 / Allies) Swordran: red why kill him at this point? leae that maybe?
(32:23 / All) ape-of-man: seriously
(32:25 / All) ape-of-man: fuck this guy
(32:26 / All) Norspherato: teal how sad are you?
(32:43 / All) Norspherato: if you have ever wondered if you should kill yourself, the answer was yes
(32:47 / Allies) ape-of-man: mass tp to us
(32:51 / All) ape-of-man: out purple, u damn hacker
(32:56 / All) Norspherato: ?
(32:59 / All) Norspherato: how am i hacker?
(33:45 / All) ape-of-man: fuck green
(33:46 / All) ape-of-man: seriously
(33:47 / All) Norspherato: apparently oldskool was having no skill and just tking
(33:49 / All) ape-of-man: fucking lagging nigger
(34:23 / All) ape-of-man: greens lag just made this first game on this map suck
(34:32 / All) Norspherato: green=teal
(34:39 / All) ape-of-man: wut
(34:40 / All) Norspherato: hes lagging because hes doing this shit
(34:44 / All) ape-of-man: why isnt teal lagging then
(34:45 / All) oldskooI4v4rape: "lmao
(36:49 / All) ape-of-man: at least the golems drop aura items
(37:15 / All) ape-of-man: purple i want no whining, we both had tkers
(37:21 / Allies) Swordran: thanks green
(37:25 / All) Norspherato: who was yours?
(37:49 / All) Norspherato: keep asking but i get no answer
(37:52 / All) ape-of-man: that routine again? 4v4 is survival of the fittest
(37:58 / All) ape-of-man: teal tked u cuz he was better
(38:07 / All) Norspherato: the only one i didnt see was green
(38:10 / All) ape-of-man: u guys let teal beat you 1v3
(38:12 / All) ape-of-man: thats ur fault
(38:30 / All) oldskooI4v4rape: Alright listen up
(38:31 / All) ape-of-man: should have made ur teammate get in line
(38:34 / All) oldskooI4v4rape: Me red oj are in this together
(38:35 / Allies) Swordran: blue with zep
(38:40 / All) oldskooI4v4rape: we are going to kill everything including our own units
(38:46 / All) oldskooI4v4rape: and pit you all in a mexican standoff against each other
(38:51 / All) oldskooI4v4rape: with no way to finish each other's team
(38:54 / All) oldskooI4v4rape: sound fair?
(39:27 / All) CircleCityKid!: Blue is Kbilly
(39:35 / All) DiabloSnowblind: i'm just the side bitch
(40:19 / All) CircleCityKid!: Killing green is one of hte most satisfying things I've ever done on war3!
(40:28 / All) ape-of-man: lawl
(40:49 / Allies) Swordran: help?
(40:51 / Allies) CircleCityKid!: Yellow you should leave, so you get a tie
(40:58 / Allies) CircleCityKid!: it will be like you didn't play thje game
(41:05 / Allies) CircleCityKid!: otherwise you have to face 3 on other team in "standoff?
(41:20 / Allies) CircleCityKid!: teal is our friend and he wants standoff
(41:29 / Allies) CircleCityKid!: I argued your case for a win but to no avail
(41:36 / All) oldskooI4v4rape: Me oj red are in this together
(41:42 / All) oldskooI4v4rape: we are going to kill everything including our own units
(41:46 / All) oldskooI4v4rape: and put you all in a mexican standoff
(41:47 / All) Norspherato: red you in this with them?
(41:50 / All) oldskooI4v4rape: no way to finish each other off
(41:55 / All) oldskooI4v4rape: can leave your pc on all night for the win sound fair?
(42:05 / All) ape-of-man: this was most certainly not our smoothest game lawl
(42:38 / All) CircleCityKid!: why couldn't your team keep pushig in green's base?
(42:46 / All) ape-of-man: we're killing everyones units then leaving game
(42:54 / Allies) Swordran: letting them win eh guys?
(42:56 / Allies) Swordran: =(
(43:00 / All) Norspherato: good for you
(43:00 / Allies) ape-of-man: nope
(43:09 / Allies) CircleCityKid!: Standoff, no team can win unless other side leaves
(43:09 / All) oldskooI4v4rape: thanks it really is
(43:10 / Allies) CircleCityKid!: no way to win
(43:13 / All) oldskooI4v4rape: I'm proud of our standoffs
(43:16 / Allies) CircleCityKid!: no units, no way to make them
(43:22 / All) Norspherato: going to make sure i remember your names so i know who should have been aborted
(43:23 / Allies) CircleCityKid!: but if you leave now you get a tie
(43:34 / All) CircleCityKid!: lol
(43:39 / All) oldskooI4v4rape: I wonder how many people actually write down and remember our names
(43:45 / All) oldskooI4v4rape: then never see them again since we always use fresh 0-0 accsd
(43:52 / All) CircleCityKid!: I bet quite a few lol
(43:55 / All) oldskooI4v4rape: I hope they get paranoid and look for these names forever and ever
(43:58 / Allies) Swordran: lame we could've won guys
(43:59 / Allies) Swordran: ...
(44:01 / All) DiabloSnowblind: peace guys
(44:07 / Allies) CircleCityKid!: Teal is our friend
(44:15 / Allies) CircleCityKid!: that's why he stabbed
(44:23 / All) oldskooI4v4rape: pink vs yel and green
(44:27 / Allies) CircleCityKid!: for what it's worth I consider you a very cooperative and good ally
(44:30 / All) ape-of-man: green is lvl 1 alt
(44:34 / All) ape-of-man: should we just giv eyellow the win
(44:52 / All) oldskooI4v4rape: nay unless yellow or pink leave
(44:53 / All) CircleCityKid!: Well at this point, it's pink vs yellow
(44:59 / All) CircleCityKid!: green doesn't count
(45:03 / All) CircleCityKid!: since 2 of his left
(45:16 / All) Swordran: ill leave game on just to get win if okay
(45:22 / All) Swordran: doesnt matter to me just want a win if cool
(45:23 / All) ape-of-man: yes
(45:24 / All) ape-of-man: that is good
(45:30 / All) ape-of-man: we want u to do that lawl
(45:34 / All) Swordran: didnt mean to offend or anything if that's why being against me
(45:35 / All) ape-of-man: we'll whisper u tomorrow if game is still on
(45:39 / All) Swordran: lol
(46:01 / All) ape-of-man: we need to kill all farms and units then we'll leave game
(46:06 / All) ape-of-man: nobody is free from this
(46:17 / All) CircleCityKid!: this is like putting down your rabies infested doggie
(46:49 / All) Swordran: looks like loss anyways for us
(46:49 / All) ape-of-man: oops lol
(47:02 / All) oldskooI4v4rape: its a standoff, I explained it idiot
(47:14 / All) ape-of-man: yellow its not hard logic all units gotta die, including ours
(47:24 / All) oldskooI4v4rape: You can leave your PC on all night for the win
(47:26 / All) oldskooI4v4rape: sound fair?
(48:00 / All) Swordran: no one building main we prob going to loose soon anyways looks like
(48:12 / All) oldskooI4v4rape: it's a mexican standoff fuckwit
(48:18 / All) oldskooI4v4rape: they are too dumb to even process what is going on
(48:33 / All) ape-of-man: green have anything?
(49:05 / All) ape-of-man: pink vs yellow and lagigng green for the championship
(49:34 / All) CircleCityKid!: green's ass couldn't even hit me up with some GOLD
(50:23 / All) CircleCityKid!: I see no fiends
(50:30 / All) ape-of-man: one of hte most frustrating but fun games in a while
(50:31 / All) oldskooI4v4rape: I killed em
(50:37 / All) CircleCityKid!: oh
(50:54 / All) ape-of-man: good luck yellow and pink
(51:09 / All) oldskooI4v4rape: Good luck
(51:11 / All) oldskooI4v4rape: don't have fun
(51:17 / All) CircleCityKid!: Good luck yellow I believe in you